 Dungeon Crawl Stone Soup version 0.21.1-1-g345015f (webtiles) character file.

4397 Devour the Fighter (level 10, -2/64 HPs)
             Began as a Gargoyle Abyssal Knight on Feb 10, 2018.
             Was an Elder of Lugonu.
             Slain by Grum
             ... wielding a -1 glaive
              (14 damage)
             ... on level 9 of the Dungeon.
             The game lasted 00:24:34 (8991 turns).

Devour the Fighter (Gargoyle Abyssal Knight)        Turns: 8991, Time: 00:24:34

Health: -2/64      AC: 16    Str: 18    XL:     10   Next: 35%
Magic:  15/15      EV: 13    Int: 13    God:    Lugonu [****..]
Gold:   534        SH:  0    Dex: 10    Spells: 9/9 levels left

rFire    . . .     SeeInvis .   O - +3 dire flail (freeze) (curse)
rCold    + . .     Gourm    .   (shield currently unavailable)
rNeg     + . .     Faith    .   w - +0 leather armour
rPois    ∞         Spirit   .   i - +1 helmet
rElec    +         Reflect  .   A - +0 cloak
rCorr    .         Harm     .   (no gloves)
MR       .....                  e - +0 pair of boots
Stlth    +.........             (no amulet)
HPRegen  0.20/turn              I - ring of protection from cold
MPRegen  0.14/turn              (no ring)

@: no status effects
A: negative energy resistance 1, electricity resistance, unbreathing,
petrification resistance, rot immunity, AC +7
a: Depart the Abyss, Bend Space, Banish, Corrupt, Renounce Religion


You were on level 9 of the Dungeon.
You worshipped Lugonu.
Lugonu was greatly pleased with you.
You were not hungry.

You visited 1 branch of the dungeon, and saw 9 of its levels.
You visited the Abyss 1 time.
You also visited: Bailey.

You collected 534 gold pieces.

Inventory:

Hand Weapons
 a - a +1 mace
 x - a +0 flail of protection
 O - a cursed +3 dire flail of freezing (weapon)
Armour
 d - a +0 buckler
 e - a +0 pair of boots (worn)
 i - a +1 helmet (worn)
 w - a +0 leather armour (worn)
 y - a +0 scale mail
 A - a +0 cloak (worn)
 M - a +0 plate armour
Jewellery
 I - a ring of protection from cold (left hand)
Wands
 l - a wand of digging (21)
 s - a wand of random effects (38)
 D - a wand of flame (29)
 E - a wand of enslavement (13)
 K - a wand of polymorph (5)
Scrolls
 g - 2 scrolls of fear
 j - 2 scrolls of enchant armour
 m - a scroll of enchant weapon {unknown}
 n - 2 scrolls of immolation
 o - a scroll of magic mapping {unknown}
 p - a scroll of noise {unknown}
 q - 4 scrolls of remove curse
 r - a scroll of blinking {unknown}
 t - a scroll of fog
 B - a scroll of amnesia {unknown}
 J - a scroll of identify
 L - a scroll of brand weapon {unknown}
 N - 2 scrolls of teleportation
Potions
 b - 3 potions of lignification
 f - 3 potions of curing
 h - 2 potions of might
 k - a potion of resistance
 v - 2 potions of brilliance
 z - a potion of berserk rage {unknown}
 C - 2 potions of magic
Books
 F - a book of Geomancy

   Spells                             Type                      Level
   a - Sandblast                      Earth                        1
   b - Passwall                       Transmutation/Earth          2
   c - Stone Arrow                    Conjuration/Earth            3
   d - Petrify                        Transmutation/Earth          4
   e - Lee's Rapid Deconstruction     Earth                        5
 H - a book of Flames

   Spells                             Type                      Level
   a - Flame Tongue                   Conjuration/Fire             1
   b - Throw Flame                    Conjuration/Fire             2
   c - Conjure Flame                  Conjuration/Fire             3
   d - Inner Flame                    Hexes/Fire                   3
   e - Sticky Flame                   Conjuration/Fire             4
   f - Fireball                       Conjuration/Fire             5
Miscellaneous
 G - a phial of floods (inert)
Comestibles
 c - 16 rations


   Skills:
 + Level 8.3 Fighting
 + Level 7.1 Maces & Flails
 + Level 7.3 Armour
 + Level 5.4 Dodging
 + Level 7.1 Invocations


You had 9 spell levels left.
You didn't know any spells.

Dungeon Overview and Level Annotations

Branches:
Dungeon (9/15)             Temple (0/1) D:7
   Lair: D:8-11         Orc: D:9-12

Altars:
Ashenzari
Cheibriados
Elyvilon
Fedhas
Okawaru
Ru
Uskayaw
Wu Jian
Xom

Annotations:
D:9 Grum


Innate Abilities, Weirdness & Mutations

You are resistant to torment.
Your stone body is resilient. (AC +7)
You are immune to poison.
You resist negative energy. (rN+)
You are resistant to electric shocks. (rElec)
You can survive without breathing.
You are immune to petrification.
You are immune to rotting.


Message History

What are your orders? t - Shout!
Orders for allies: a - Attack new target. p - Attack previous target. r - Retreat! s - Stop attacking. g - Guard the area. f - Follow me.
Anything else - Cancel.
Gang up on whom?
Press: ? - help, Dir - move target cursor, f/p - Grum
Aim: Grum, wielding a glaive and wearing an animal skin (lightly wounded) Attack!
Your water elemental barely misses Grum.
A wolf comes into view.
Your water elemental hits Grum.
Your water elemental engulfs Grum in water!
Your water elemental hits Grum.
Grum pulls free of the water.
The teleport trap disappears.
The wolf disappears!
Your water elemental hits Grum!
Your water elemental engulfs Grum in water!
Grum hits you with a glaive!
You die...

........#......#
.........+......# .
..........#......# ##.
.
..........#......#...
.
..........##.....#h###
..
..........##..)≈≈≈≈..#
.### #.)∩E≈≈≈..# ....
#..g§≈.#### ...
#.@...## ... ###.#..#
# #......# # #......#
# #......# # #......#
# #......# # #......#
# #......#


You could see Grum, a wolf and a friendly water elemental.

Vanquished Creatures
  Pikel (D:4)
  The ghost of ck1fx the Protected, a novice GrMo of Hepliaklqana (D:8)
  Psyche (D:8)
  Grinder (D:6)
  A hippogriff (D:8)
  Sigmund (D:4)
  2 humans (D:7)
  A black bear (D:8)
  An ogre (D:4)
  A phantom (D:8)
  3 centaurs
  A big kobold (D:7)
  2 bullfrogs
  A scorpion (D:8)
  14 wights
  A howler monkey (D:4)
  A bullfrog zombie (D:5)
  2 hounds
  4 orc wizards
  2 orc priests
  Crazy Yiuf (D:5)
  Jessica (D:3)
  An iguana (D:8)
  Ijyb (D:4)
  Terence (D:2)
  Natasha (D:3)
  4 worker ants
  A hound zombie (D:4)
  A hound skeleton (D:6)
  A mummy (D:9)
  A worker ant zombie (D:3)
  11 adders
  2 river rats (D:6)
  2 shadow imps
  3 worms
  2 dart slugs
  4 leopard geckos
  18 orcs
  3 giant cockroaches
  4 goblins (D:1)
  6 hobgoblins
  11 kobolds
  2 quokkas
  A ball python (D:1)
  6 bats
  8 frilled lizards
  A jackal skeleton (D:5)
  7 rats
147 creatures vanquished.

Vanquished Creatures (collateral kills)
  3 orc warriors (Bailey)
3 creatures vanquished.

Vanquished Creatures (others)
  A water moccasin (D:4)
  An orc warrior (D:6)
2 creatures vanquished.

Grand Total: 152 creatures vanquished

Notes
Turn   | Place    | Note
-------+----------+-------------------------------------------
     0 | Abyss:1  | Devour the Gargoyle Abyssal Knight began the quest for the Orb.
     0 | Abyss:1  | Reached XP level 1. HP: 14/14 MP: 2/2
    70 | Abyss:1  | Noticed a small abomination
    70 | Abyss:1  | Noticed a small abomination
    71 | D:1      | Escaped the Abyss
   133 | D:1      | Reached * piety under Lugonu
   161 | D:1      | Reached XP level 2. HP: 15/19 MP: 3/3
   679 | D:1      | Reached skill level 1 in Dodging
   805 | D:1      | Reached XP level 3. HP: 23/24 MP: 4/4
   942 | D:2      | Found a shattered altar of Ashenzari.
   986 | D:2      | Reached skill level 4 in Fighting
  1047 | D:2      | Found a shimmering altar of Xom.
  1192 | D:2      | Found a shimmering altar of Xom.
  1194 | D:2      | Found a shimmering altar of Xom.
  1202 | D:2      | Found a shimmering altar of Xom.
  1203 | D:2      | Found a shimmering altar of Xom.
  1210 | D:2      | Found a shimmering altar of Xom.
  1264 | D:2      | Noticed Terence
  1274 | D:2      | Killed Terence
  1274 | D:2      | Reached XP level 4. HP: 21/30 MP: 5/5
  2117 | D:3      | Reached XP level 5. HP: 9/34 MP: 6/6
  2363 | D:3      | Reached ** piety under Lugonu
  2661 | D:3      | Found a runed door.
  2665 | D:3      | Noticed Crazy Yiuf
  2944 | D:3      | Noticed Natasha
  2953 | D:3      | Killed Natasha
  2966 | D:3      | Noticed Jessica
  2978 | D:3      | Killed Jessica
  2978 | D:3      | Reached XP level 6. HP: 33/40 MP: 7/7
  3247 | D:4      | Reached skill level 5 in Fighting
  3467 | D:4      | Noticed Sigmund
  3551 | D:4      | Noticed Ijyb
  3588 | D:4      | Killed Ijyb
  3794 | D:4      | Reached XP level 7. HP: 32/44 MP: 9/9
  3893 | D:4      | Found an ornate altar of the Wu Jian Council.
  4289 | D:4      | Killed Sigmund
  4559 | D:4      | Noticed Pikel
  4589 | D:4      | Killed Pikel
  4589 | D:4      | Reached skill level 6 in Fighting
  4589 | D:4      | Reached XP level 8. HP: 30/51 MP: 9/11
  4626 | D:5      | Entered Level 5 of the Dungeon
  4900 | D:5      | Reached skill level 5 in Maces & Flails
  5178 | D:5      | Reached skill level 5 in Armour
  5200 | D:5      | Found a white marble altar of Elyvilon.
  5203 | D:5      | Found a snail-covered altar of Cheibriados.
  5206 | D:5      | Found a hide-covered altar of Uskayaw.
  5209 | D:5      | Found a blossoming altar of Fedhas.
  5443 | D:5      | Killed Crazy Yiuf
  5846 | D:6      | Reached skill level 5 in Invocations
  5899 | D:6      | Noticed Grinder
  5900 | D:6      | Paralysed by Grinder for 7 turns
  5914 | D:6      | Paralysed by Grinder for 4 turns
  5935 | D:6      | Paralysed by Grinder for 2 turns
  5940 | D:6      | Killed Grinder
  5940 | D:6      | Reached *** piety under Lugonu
  5940 | D:6      | Reached XP level 9. HP: 46/56 MP: 12/12
  6228 | D:6      | Reached skill level 7 in Fighting
  7087 | D:7      | Found a staircase to the Ecumenical Temple.
  7096 | D:7      | Found a sacrificial altar of Ru.
  7401 | D:7      | Found an iron altar of Okawaru.
  7675 | D:8      | Noticed ck1fx's ghost (novice GrMo)
  7701 | D:8      | Killed ck1fx's ghost
  7834 | D:8      | Noticed Psyche
  7857 | D:8      | Killed Psyche
  7857 | D:8      | Reached skill level 5 in Dodging
  7857 | D:8      | Reached XP level 10. HP: 64/64 MP: 14/14
  7975 | D:8      | Reached skill level 8 in Fighting
  8711 | D:8      | Reached **** piety under Lugonu
  8936 | D:9      | Found a flagged portal.
  8948 | Bailey   | Entered a bailey
  8948 | Bailey   | Noticed an orc knight
  8981 | D:9      | Noticed Grum
  8991 | D:9      | Slain by Grum

Skill      XL: |  1  2  3  4  5  6  7  8  9 10 |
---------------+-------------------------------+-----
Dodging        | 1 2 3 4 5 |  5.4
Fighting       | 4 5 6 7 8 |  8.3
Maces & Flails | 3 4 5 6 7 |  7.1
Armour         | 3 4 5 6 7 |  7.3
Invocations    | 3 4 5 6 7 |  7.1

Action                   |  1- 3 |  4- 6 |  7- 9 | 10-12 || total
-------------------------+-------+-------+-------+-------++-------
Melee: Mace              |    89 |   241 |    14 |       ||   344
       Flail             |       |       |   439 |   130 ||   569
       Dire flail        |       |       |       |    33 ||    33
Invok: Depart the Abyss  |     1 |       |       |       ||     1
       Banish            |       |       |     1 |       ||     1
Evoke: Wand              |       |       |       |     3 ||     3
       Phial of floods   |       |       |       |     1 ||     1
  Use: Scroll            |     1 |     1 |     6 |     5 ||    13
       Potion            |       |       |     2 |     3 ||     5
  Eat: Chunk             |     1 |     5 |     8 |     3 ||    17
       Ration            |       |     1 |     2 |     1 ||     4
Armor: Leather armour    |    35 |    66 |   330 |    95 ||   526
       Ring mail         |       |    58 |    12 |       ||    70
Dodge: Dodged            |    55 |   173 |   418 |   136 ||   782
